Map: Blackburn LE

Players

Osiris

  • Race: Terran Terran
  • League: Master

SHlTMAPS - Winner!

  • Race: Zerg Zerg
  • League: Master

VOD

Have the link to the VOD?

Description

Time

  • Played on: June 23, 2021, 9:01 a.m.
  • Length: 2:54
Show
View Real Time Build Order
Export as new Build Order

Osiris Terran 

Build Orders: Reaper Expand 

Get SALT Encoding   

  12  0:00  SCV  
  13  0:12  SCV  
  14  0:17  Supply Depot  
  14  0:24  SCV  
  15  0:38  SCV  
  15  0:40  Barracks  
  16  0:46  Refinery  
  16  0:51  SCV  
  17  1:03  SCV  
  18  1:15  SCV  
  19  1:28  Reaper, Orbital Command  
  20  1:41  Command Center  
  20  1:52  Supply Depot  
  20  1:53  SCV  
  21  2:00  Marine  
  22  2:10  SCV  
  22  2:15  Factory  
  23  2:20  Marine  
  22  2:34  Engineering Bay  
  21  2:37  Supply Depot  
Show
View Real Time Build Order
Export as new Build Order

SHlTMAPS Zerg - Winner!

Build Orders: 1 Base Baneling Bust, Pool Only 

Get SALT Encoding   

  12  0:00  Drone  
  13  0:12  Drone  
  14  0:15  Extractor  
  14  0:16  Drone  
  14  0:33  Spawning Pool  
  13  0:40  Overlord  
  13  0:45  Drone  
  14  1:01  Drone x2  
  16  1:19  Metabolic Boost  
  16  1:20  Zergling x4  
  16  1:24  Zergling x2  
  19  1:36  Zergling x2, Baneling Nest  
  19  1:46  Zergling x2  
  20  1:56  Overlord  
  20  1:57  Queen  
  22  2:19  Zergling x4  
  24  2:25  Baneling  
  24  2:28  Zergling x2  
Tags
 
Add a new tag
Caveats
  • Supply blocks, unpowered buildings, or Contaminate may cause inaccurate times.
  • Supply counts are checked every 10 seconds.